 Dungeon Crawl Stone Soup version 0.29.0-15-g675c0067aa (webtiles) character file.

Game seed: 4466706731476661473

34 qw the Chopper (level 3, -10/31 HPs)
             Began as a Minotaur Berserker on Sept 12, 2022.
             Was a Believer of Trog.
             Engulfed by a cloud of flame (19 damage)
             ... on level 3 of the Dungeon.
             The game lasted 00:00:30 (2086 turns).

qw the Chopper (Minotaur Berserker)                 Turns: 2086, Time: 00:00:31

Health: -10/31     AC:  8    Str: 23    XL:     3   Next: 14%
Magic:  2/2        EV: 10    Int:  4    God:    Trog [**....]
Gold:   103        SH:  0    Dex:  9    Spells: 2/2 levels left

rFire   . . .      SeeInvis .   Y - +0 hand axe
rCold   + . .      Faith    .   (no shield)
rNeg    . . .      Spirit   .   e - +2 scale mail {rC+}
rPois   .          Reflect  .   (helmet restricted)
rElec   .          Harm     .   (no cloak)
rCorr   .          Rampage  .   (no gloves)
Will    .....                   (no boots)
Stlth   ..........              (no amulet)
HPRegen 0.10/turn               (no ring)
MPRegen 0.08/turn               (no ring)

@: no status effects
A: horns 2, retaliatory headbutt
a: Renounce Religion, Berserk, Trog's Hand


You were on level 3 of the Dungeon.
You worshipped Trog.
Trog was pleased with you.
You visited 1 branch of the dungeon, and saw 3 of its levels.

You collected 103 gold pieces.


Innate Abilities, Weirdness & Mutations

You have a pair of horns on your head.
You reflexively headbutt those who attack you in melee.


   Skills:
 - Level 3.6 Fighting
 - Level 5.1 Axes
 + Level 0.6 Throwing
 - Level 2.4 Armour
 - Level 2.1 Dodging


You had 2 spell levels left.
You didn't know any spells.
Your spell library was empty.

Inventory:

Hand Weapons
 i - a +0 whip
 Y - a +0 hand axe (weapon)
Missiles
 h - 4 javelins (quivered)
 j - 2 boomerangs
Armour
 e - a +2 scale mail of cold resistance (worn)
 f - a +0 chain mail
Potions
 a - a potion of curing
 c - 2 potions of might
 g - a potion of heal wounds

Dungeon Overview and Level Annotations

Branches:
Dungeon (3/15)

Altars:


Message History

The javelin closely misses the frilled lizard.
You slash the frilled lizard!
You kill the frilled lizard!
Trog accepts your kill.
You can now call upon Trog for regeneration and willpower.
h - 4 javelins (gained 3) Done exploring.
Done exploring.
2076 ||| READING scroll labelled ARADAG XINUQ.
As you read the scroll labelled ARADAG XINUQ, it crumbles to dust.
It is a scroll of enchant armour.
Really abort (and waste the scroll)?
Done exploring.
(D) Dungeon
Where to? (* - list waypoints, Enter - D:2, ? - help)
What level of the Dungeon? (default 1, ? - help)
There is a stone staircase leading down here.
You climb downwards.
Found 5 stones and a robe.
There is a stone staircase leading up here.
Existing waypoints: (1) D:2 (2) D:1 Assign waypoint to what number? (0-9, D - delete waypoint) Waypoint 2 re-assigned from D:1 to D:3.
You're in a travel-excluded area, stopping explore.
You're in a travel-excluded area, stopping explore.
You're in a travel-excluded area, stopping explore.
2084 ||| Stepping randomly (stuck).
Found a spear.
Found a stone staircase leading up.
You're in a travel-excluded area, stopping explore.
You're in a travel-excluded area, stopping explore.
2085 ||| Stepping randomly (stuck).
Really walk into that cloud of flame?
Found a potion of curing.
You are engulfed in blazing flames.
Ouch! That really hurt!
You're standing in a cloud of flame!
You are engulfed in blazing flames.
Ouch! That really hurt!
You die...

#. #.### #.#.# ¤#
##...# ¤¤#
#<...#####...## #
#.[0@..$$$.¤
#.##.##..¤0¤..$..¤
#........¤¤0...$..
####.##.#####...##
#......<# .¤)#
#.#####.# 0¤# #.#
¤# #.# .# #(#


There were no monsters in sight!

Vanquished Creatures
  3 ball pythons
  3 endoplasms
  A goblin (D:1)
  5 hobgoblins
  3 jackals (D:1)
  3 quokkas
  6 frilled lizards
  5 kobolds
  3 rats
32 creatures vanquished.

Vanquished Creatures (others)
  A ball python (D:3)
1 creature vanquished.

Grand Total: 33 creatures vanquished

Notes
Turn   | Place    | Note
-------+----------+-------------------------------------------
     0 | D:1      | qw the Minotaur Berserker began the quest for the Orb.
     0 | D:1      | Reached XP level 1. HP: 19/19 MP: 0/0
     0 | D:1      | 0 ||| qw: Version: 0.1-a-119-g272c26d
     0 | D:1      | 0 ||| qw: Game counter: 10867
     0 | D:1      | 0 ||| qw: Always use a shield: true
     0 | D:1      | 0 ||| qw: Do Orc after D:15 true
     0 | D:1      | 0 ||| qw: Do second Lair branch before Depths: true
     0 | D:1      | 0 ||| qw: Lair rune preference: random
     0 | D:1      | 0 ||| qw: Plans: Normal
     0 | D:1      | 0 ||| PLANNING D:1-11
    47 | D:1      | Reached skill level 4 in Axes
   124 | D:1      | 124 ||| Stepping ~*~*~tactically~*~*~ (stealth).
   126 | D:1      | 126 ||| Stepping ~*~*~tactically~*~*~ (stealth).
   130 | D:1      | Reached XP level 2. HP: 26/26 MP: 1/1
   131 | D:1      | 131 ||| Stepping ~*~*~tactically~*~*~ (stealth).
   133 | D:1      | 133 ||| Stepping ~*~*~tactically~*~*~ (stealth).
   470 | D:1      | 470 ||| Stepping ~*~*~tactically~*~*~ (stealth).
   989 | D:1      | 989 ||| UPGRADING to +2 scale mail of cold resistance.
   999 | D:1      | 999 ||| DROPPING +0 animal skin.
  1000 | D:1      | 1000 ||| READING scroll labelled JINOTE CELAUWU.
  1150 | D:1      | 1150 ||| READING scroll labelled IXZANA QUPH.
  1155 | D:1      | 1155 ||| DRINKING 2 inky potions.
  1156 | D:1      | 1156 ||| DRINKING 2 metallic purple potions.
  1198 | D:2      | Reached skill level 5 in Axes
  1257 | D:2      | 1257 ||| FLEEEEING.
  1258 | D:2      | 1258 ||| FLEEEEING.
  1259 | D:2      | 1259 ||| FLEEEEING.
  1260 | D:2      | 1260 ||| FLEEEEING.
  1261 | D:2      | 1261 ||| FLEEEEING.
  1262 | D:2      | 1262 ||| FLEEEEING.
  1263 | D:2      | 1263 ||| FLEEEEING.
  1264 | D:2      | 1264 ||| FLEEEEING.
  1265 | D:2      | 1265 ||| FLEEEEING.
  1266 | D:2      | 1266 ||| FLEEEEING.
  1267 | D:2      | 1267 ||| FLEEEEING.
  1268 | D:2      | 1268 ||| FLEEEEING.
  1269 | D:2      | 1269 ||| FLEEEEING.
  1270 | D:2      | 1270 ||| STAIRDANCE
  1274 | D:1      | HP: 6/26 [poisoned by a hobgoblin]
  1613 | D:2      | 1613 ||| Stepping ~*~*~tactically~*~*~ (stealth).
  1615 | D:2      | Reached XP level 3. HP: 31/31 MP: 2/2
  1688 | D:2      | 1688 ||| DROPPING +0 club.
  1926 | D:2      | 1926 ||| Stepping ~*~*~tactically~*~*~ (stealth).
  1927 | D:2      | 1927 ||| Stepping ~*~*~tactically~*~*~ (stealth).
  2009 | D:2      | Reached ** piety under Trog
  2076 | D:2      | 2076 ||| READING scroll labelled ARADAG XINUQ.
  2084 | D:3      | 2084 ||| Stepping randomly (stuck).
  2085 | D:3      | 2085 ||| Stepping randomly (stuck).
  2086 | D:3      | Engulfed by a cloud of flame

Levels and vault maps discovered:
D:1:      roderic_chinese_lattice_arrival, layout_loops_cross
D:2:      layout_loops_ring
D:3:      layout_loops_ring, mainiacjoe_overflow_24_doors,
          nicolae_overflow_ecumenical_swirl, serial_forest,
          infiniplex_forest_clump_diagonal, infiniplex_forest_end_3,
          infiniplex_forest_lined_3, infiniplex_forest_clump_double,
          infiniplex_forest_straight_4, infiniplex_forest_lined_4_way,
          infiniplex_forest_clump_double, lemuel_flame_loot_1, uniq_natasha

Skill      XL: |  1  2 |
---------------+-------+-----
Axes           | 4 5 |  5.1
Fighting       | |  3.6
Throwing       | |  0.6
Armour         | |  2.4
Dodging        | |  2.1

Action                   || total
-------------------------++-------
Melee: Hand axe          ||    64
       Headbutt          ||     5
Throw: Boomerang         ||     9
       Javelin           ||     8
  Use: Scroll            ||     3
       Potion            ||     2
Armor: Animal skin       ||     7
       Scale mail        ||     6
Dodge: Dodged            ||    29

Table legend:
 A = Non-vault XP
 B = Vault XP
 C = Vault XP percentage of total XP
 D = Non-vault monster count
 E = Vault monster count
 F = Vault count percentage of total count
                 A         B        C        D         E       F
            +---------+---------+-------+---------+---------+-------
      Total |      49 |       0 |   0.0 |      32 |       0 |   0.0
            +---------+---------+-------+---------+---------+-------
        D:1 |      33 |       0 |   0.0 |      20 |       0 |   0.0
        D:2 |      16 |       0 |   0.0 |      12 |       0 |   0.0
            +---------+---------+-------+---------+---------+-------
